 Dungeon Crawl Stone Soup version 0.30-a0-1008-g30c9307041 (webtiles) character file.

Game seed: 12940381967373552361

69 cheesebisquit the Magician (level 4, -3/34 HPs)
             Began as a Djinni Fire Elementalist on Apr 5, 2023.
             Frozen to death by an endoplasm (7 damage)
             ... on level 3 of the Dungeon.
             The game lasted 00:06:14 (899 turns).

cheesebisquit the Magician (DjFE)                    Turns: 899, Time: 00:06:14

Health: -3/34      AC:  5    Str:  7    XL:     4   Next: 42%
Gold:   82         EV: 12    Int: 18    God:
                   SH:  0    Dex: 14

rFire   + + .      SeeInvis .    (no weapon)
rCold   x . .      Faith    .    (no shield)
rNeg    . . .      Spirit   .    a - +1 robe
rPois   ∞          Reflect  .    h - +2 hat
rElec   .          Rampage  .    (no cloak)
rCorr   .                        (no gloves)
Will    .....                    (boots unavailable)
Stlth   ++                       d - amulet of regeneration
HPRegen 1.05/turn                (no ring)
MPRegen 0.00/turn                (no ring)

@: brilliant, flying
A: sickness immunity, fire resistance 2, cold vulnerability 1, float, innate
caster, HP casting, extra vitality 1
a: no special abilities


You were on level 3 of the Dungeon.
You visited 1 branch of the dungeon, and saw 3 of its levels.

You collected 171 gold pieces.
You spent 89 gold pieces at shops.

Inventory:

Missiles
 g - 3 curare-tipped darts
 j - 8 poisoned darts
Armour
 a - a +1 robe (worn)
 h - a +2 hat (worn)
Jewellery
 d - an amulet of regeneration (around neck)
Wands
 o - a wand of quicksilver (8)
Scrolls
 b - a scroll of poison {unknown}
 f - a scroll of noise
 k - a scroll of magic mapping {unknown}
 m - a scroll of blinking
 p - a scroll of fog {unknown}
 r - a scroll of fear
 s - a scroll of immolation {unknown}
Potions
 c - a potion of ambrosia {unknown}
 e - 2 potions of brilliance
 i - a potion of mutation {unknown}
 l - a potion of heal wounds {unknown}
 n - a potion of magic {unknown}
 q - 3 potions of flight {unknown}


   Skills:
 + Level 2.4 Fighting
 - Level 2.1 Dodging
 - Level 1.5 Stealth
 + Level 3.2 Spellcasting


You knew the following spells:

 Your Spells              Type           Power      Damage    Failure   Level
a - Foxfire               Conj/Fire      84%        2x1d8     4%          1
b - Scorch                Fire           42%        2d6       6%          2
c - Volatile Blastmotes   Fire/Tloc      42%        2d13      13%         3
d - Inner Flame           Hex/Fire       21%        N/A       13%         3
e - Flame Wave            Conj/Fire      21%        2d8       38%         4
f - Shock                 Conj/Air       84%        1d8       4%          1
Your spell library was empty.

Dungeon Overview and Level Annotations

Branches:
Dungeon (3/15)

Altars:

Shops:
D:2 *

Annotations:
D:3 Terence


Innate Abilities, Weirdness & Mutations

You are immune to sickness and miasma.
You are immune to poison.
Your flesh is very heat resistant. (rF++)
You are vulnerable to cold. (rC-)
You float through the air rather than walking.
You learn spells naturally, not from books.
Your magical power is your life essence.
You have superior vitality. (+4 MHP)


Message History

Terence is lightly wounded.
Terence hits you with a +0 short sword. The endoplasm closely misses you.
The endoplasm barely misses you.
You conjure some foxfire!
The endoplasm hits you but does no damage.
The endoplasm freezes you.
You are frozen.
You feel a terrible chill! Terence closely misses you.
You barely miss Terence.
Terence is lightly wounded.
The foxfire hits Terence.
Terence is heavily wounded.
The foxfire hits Terence but does no damage.
Terence is heavily wounded.
Terence barely misses you.
The endoplasm hits you but does no damage.
The endoplasm closely misses you.
Your magical contamination has completely faded away.
You conjure some foxfire!
Terence closely misses you. The endoplasm freezes you.
You are frozen.
You feel a terrible chill! The endoplasm freezes you.
You are frozen.
You feel a terrible chill!
You barely miss Terence.
Terence is heavily wounded.
The foxfire hits Terence.
Terence is heavily wounded.
The foxfire hits the endoplasm.
The endoplasm is heavily wounded.
The endoplasm hits you. Terence hits you with a +0 short sword.
* * * LOW HITPOINT WARNING * * *
The endoplasm jiggles.
The endoplasm freezes you.
You are frozen.
You feel a terrible chill!
* * * LOW HITPOINT WARNING * * *
It was a potion of brilliance.
You feel clever all of a sudden. Terence hits you but does no damage.
The endoplasm closely misses you. The endoplasm freezes you.
You are frozen!
You feel a terrible chill!
You die...

... ..?..
.....######
..........#
..........#
♣.........#
.......@..#
........@.# .
.......J)J##...
#..............
.....[.<......#
#........######
#........#
######...#
....# $...@#


You could see Terence and 2 endoplasms.

Vanquished Creatures
  Jessica (D:2)
  An adder (D:2)
  A worm (D:2)
  2 dart slugs
  A ball python (D:1)
  An endoplasm (D:1)
  2 giant cockroaches (D:2)
  3 hobgoblins
  6 bats
  6 frilled lizards
  3 goblins
  3 kobolds (D:2)
  2 rats (D:1)
32 creatures vanquished.

Vanquished Creatures (others)
  84 foxfires
84 creatures vanquished.

Grand Total: 116 creatures vanquished

Notes
Turn   | Place    | Note
-------+----------+-------------------------------------------
     0 | D:1      | cheesebisquit the Djinni Fire Elementalist began the quest
                  | for the Orb.
     0 | D:1      | cheesebisquit set off with the following spells memorised:
                  | Foxfire, Scorch, Volatile Blastmotes, Inner Flame, Flame
                  | Wave.
     0 | D:1      | Reached XP level 1. HP: 15/15 MP: 0/0
    66 | D:1      | Reached skill level 1 in Fighting
    66 | D:1      | Reached XP level 2. HP: 21/22 MP: 0/0
   300 | D:2      | Reached XP level 3. HP: 20/28 MP: 0/0
   300 | D:2      | Learned a level 1 spell: Shock
   566 | D:2      | Reached skill level 3 in Spellcasting
   569 | D:2      | Found a faded altar of an unknown god.
   580 | D:2      | Noticed Jessica
   586 | D:2      | Killed Jessica
   587 | D:2      | Reached XP level 4. HP: 33/34 MP: 0/0
   701 | D:2      | Found Gihuoteg's Assorted Antiques.
   708 | D:2      | Bought a scroll labelled KOUKHL GIESM for 23 gold pieces
   708 | D:2      | Bought a pink potion for 20 gold pieces
   708 | D:2      | Bought a scroll labelled KOUKHL GIESM for 23 gold pieces
   708 | D:2      | Bought a scroll labelled PIG AZ NAOLANO for 23 gold pieces
   836 | D:3      | Noticed Terence
   899 | D:3      | Frozen to death by an endoplasm

Illustrated notes

Levels and vault maps discovered:
D:1:      minmay_arrival_doors, layout_rooms, serial_bayou_pond_d
D:2:      layout_basic, basic_ecumenical_altar, serial_shops,
          nicolae_shop_hallway_plus, st_stairs_1, hangedman_decor_growths,
          uniq_jessica
D:3:      layout_rooms, mainiacjoe_overflow_alcove_2, vehumet_statue,
          gup_sewer_entry_bowl, chequers_garden, minmay_misc_feat_alley,
          uniq_natasha, uniq_terence

Skill      XL: |  1  2  3 |
---------------+----------+-----
Fighting       | 1 2 |  2.4
Spellcasting   | 3 |  3.2
Dodging        | |  2.1
Stealth        | |  1.5

Action                     |  1- 3 |  4- 6 || total
---------------------------+-------+-------++-------
  Melee: Unarmed           |     8 |     4 ||    12
   Cast: Foxfire           |    40 |     8 ||    48
    Use: Scroll            |       |     5 ||     5
         Potion            |       |     1 ||     1
 Armour: Robe              |     4 |     7 ||    11
  Dodge: Dodged            |    15 |    10 ||    25

Table legend: (Time is in decaauts)
 A = Elapsed time spent in this place.
 B = Non-inter-level travel time spent in this place.
 C = Inter-level travel time spent in this place.
 D = Time resting spent in this place.
 E = Time spent auto-exploring this place.
 F = Levels seen in this place.
 G = Mean time per level.
                   A        B        C        D        E       F      G
               +--------+--------+--------+--------+--------+-----+--------+
         Total |    899 |    864 |     35 |      0 |    625 |   3 |  299.7 |
       Dungeon |    899 |    864 |     35 |      0 |    625 |   3 |  299.7 |
               +--------+--------+--------+--------+--------+-----+--------+

Top non-repeatable levels by time:
     D:2: 610 daAuts
     D:1: 262 daAuts
     D:3: 26 daAuts
